 Dungeon Crawl Stone Soup version 0.18.1-48-g4cf74bf (webtiles) character file.

840 BESTIEunlmt the Archer (level 7, 0/46 HPs)
             Began as a High Elf Hunter on July 17, 2016.
             Slain by a sky beast (6 damage)
             ... on level 5 of the Dungeon on July 18, 2016.
             The game lasted 00:50:42 (6092 turns).

BESTIEunlmt the Archer (High Elf Hunter)            Turns: 6092, Time: 00:50:43

Health: 0/46       AC: 11    Str: 12    XL:     7   Next: 67%
Magic:  8/8        EV:  7    Int: 17    God:
Gold:   221        SH:  6    Dex: 17    Spells: 0 memorised, 6 levels left

rFire  . . .     SeeInvis .     b - +4 short sword
rCold  . . .     Gourm    .     o - +1 ring mail
rNeg   . . .     Faith    .     w - +2 buckler
rPois  .         Spirit   .     t - +2 helmet
rElec  .         Dismiss  .     i - +0 cloak
rCorr  .         Reflect  .     (no gloves)
SustAt +         Harm     .     y - +0 pair of boots
MR     .....                    (no amulet)
Stlth  +.........               m - +2 ring of intelligence
                                v - ring of sustain attributes

@: not resistant to hostile enchantments, very unstealthy
A: no striking features
a: no special abilities


You were on level 5 of the Dungeon.
You were not hungry.

You visited 1 branch of the dungeon, and saw 5 of its levels.
You also visited: Sewer.

You collected 221 gold pieces.

Inventory:

Hand Weapons
 a - a +3 shortbow
 b - a +4 short sword (weapon)
 h - a +0 mace
 l - a cursed -3 blowgun
Missiles
 d - 30 arrows
 e - 7 javelins (quivered)
 n - 14 poisoned needles
 p - 30 bolts
Armour
 c - a +0 leather armour
 i - a +0 cloak (worn)
 o - a +1 ring mail (worn)
 q - a +0 shield
 t - a +2 helmet (worn)
 w - a +2 buckler (worn)
 y - a +0 pair of boots (worn)
Jewellery
 j - an uncursed ring of fire
 m - a +2 ring of intelligence (right hand)
 v - a ring of sustain attributes (left hand)
 B - the ring of Uviatwin {Fire rN+ Int+8}
   (You found it on level 4 of the Dungeon)

   [ring of fire]

   It enhances your fire magic, and weakens your ice magic.
   It affects your intelligence (+8).
   It protects you from fire.
   It makes you vulnerable to cold.
   It protects you from negative energy.
Scrolls
 u - a scroll of remove curse
Potions
 k - 3 potions of flight
 z - a potion of heal wounds {unknown}
Comestibles
 f - 2 bread rations
 g - a meat ration
 s - a beef jerky
 x - a fruit


   Skills:
 + Level 3.1 Fighting
 + Level 3.1 Short Blades
 + Level 8.6 Bows
 + Level 0.8 Throwing
 + Level 2.7 Armour
 + Level 4.6 Dodging
 + Level 2.0 Stealth
 + Level 1.5 Shields


You had 6 spell levels left.
You didn't know any spells.

Dungeon Overview and Level Annotations

Branches:
Dungeon (5/15)
 Temple: D:4-7

Altars:
Nemelex Xobeh
Okawaru


Message History

The giant frog zombie hits you but does no damage.
You closely miss the giant frog zombie. Something hits you.
Something shocks you.
You block the giant frog zombie's attack.
Read which item? (? for menu, Esc to quit)
As you read the scroll of immolation, it crumbles to dust.
The creatures around you are filled with an inner flame!
You block the giant frog zombie's attack.
Something hits you. Something shocks you.
You feel sick. The giant frog zombie hits you.
* * * LOW HITPOINT WARNING * * *
A sky beast appears from thin air!
Reactivating autopickup.
There is a stone staircase leading up here.
You feel sick.
You are no longer poisoned.
The sky beast hits you.
* * * LOW HITPOINT WARNING * * *
The sky beast shocks you.
You die...

.. #.
#####.######
####.....#....###
......###.......#
.....)...†......#
................#
..........§Z.††.#
..........WY@...#
................#
................#
......###.......#
###### #.......#
#########


You could see a phantom (inner flame), a sky beast (inner flame) and a giant
frog zombie (inner flame).

Vanquished Creatures
  Menkaure (D:4)
  2 ogres (D:4)
  A big kobold (Sewer)
  A crimson imp (D:4)
  A hound (D:3)
  An orc priest (D:3)
  2 iguanas (D:4)
  Jessica (D:2)
  5 worker ants
  A hound skeleton (D:4)
  3 gnolls (D:3)
  2 adders
  A river rat (Sewer)
  A shadow imp (D:5)
  3 oozes
  2 adder zombies (D:3)
  4 worms
  A dart slug (D:1)
  2 giant geckos
  4 orcs
  2 giant cockroaches (D:4)
  11 goblins
  2 hobgoblins
  9 jackals
  5 kobolds
  2 quokkas (D:4)
  2 ball pythons
  11 bats
  A giant cockroach zombie (D:3)
  A giant gecko skeleton (D:4)
  4 giant newts
  2 quokka skeletons
  9 rats
100 creatures vanquished.

Notes
Turn   | Place    | Note
--------------------------------------------------------------
     0 | D:1      | BESTIEunlmt the High Elf Hunter began the quest for the Orb.
     0 | D:1      | Reached XP level 1. HP: 14/14 MP: 2/2
   285 | D:1      | Reached XP level 2. HP: 19/19 MP: 3/3
   530 | D:1      | Reached skill level 6 in Bows
   853 | D:1      | Reached XP level 3. HP: 24/24 MP: 4/4
  1853 | D:2      | Noticed Jessica
  1861 | D:2      | Killed Jessica
  1861 | D:2      | Reached skill level 1 in Armour
  1861 | D:2      | Reached XP level 4. HP: 29/29 MP: 5/5
  1995 | D:3      | Reached skill level 7 in Bows
  2250 | D:3      | Reached skill level 1 in Short Blades
  2254 | D:3      | Reached XP level 5. HP: 33/34 MP: 6/6
  2320 | D:3      | Found a sparkling altar of Nemelex Xobeh.
  3129 | D:3      | Found an iron altar of Okawaru.
  3224 | D:4      | Reached skill level 8 in Bows
  3355 | D:4      | Reached XP level 6. HP: 33/39 MP: 7/7
  3581 | D:4      | Found a glowing drain.
  3727 | Sewer    | Entered a sewer
  3794 | Sewer    | Reached skill level 1 in Shields
  3904 | Sewer    | Found a glowing silver altar of Zin.
  4245 | D:4      | Reached XP level 7. HP: 9/45 MP: 8/8
  4270 | D:4      | Noticed Menkaure
  5004 | D:4      | Got a faintly glowing marble ring
  5035 | D:4      | Killed Menkaure
  5241 | D:4      | Identified the ring of Uviatwin {Fire rN+ Int+8} (You found it on level 4 of the Dungeon)
  5458 | D:5      | Entered Level 5 of the Dungeon
  5513 | D:5      | HP: 1/46 [orc priest/divine providence (13)]
  6092 | D:5      | Slain by a sky beast

Skill      XL: |  1  2  3  4  5  6  7 |
---------------+----------------------+-----
Bows           | 6 7 8 |  8.6
Armour         | 1 2 |  2.7
Short Blades   | 1 2 3 |  3.1
Dodging        | 3 4 |  4.6
Shields        | 1 |  1.5
Fighting       | 3 |  3.1
Stealth        | 2 |  2.0
Throwing       | |  0.8

Action                   |  1- 3 |  4- 6 |  7- 9 || total
-------------------------+-------+-------+-------++-------
Melee: Short sword       |    13 |   175 |    94 ||   282
 Fire: Shortbow          |    77 |    83 |       ||   160
Throw: Javelin           |       |     9 |     9 ||    18
  Use: Scroll            |    10 |    11 |     2 ||    23
       Potion            |       |     4 |     2 ||     6
 Stab: Sleeping          |       |       |     1 ||     1
  Eat: Meat ration       |     1 |       |       ||     1
       Fruit             |       |     1 |     1 ||     2
       Pizza             |       |     1 |       ||     1
       Bread ration      |       |     1 |     1 ||     2
Armor: Leather armour    |     8 |       |       ||     8
       Ring mail         |    11 |    97 |    37 ||   145
Dodge: Dodged            |    20 |   131 |    64 ||   215
Block: Buckler           |       |    47 |    43 ||    90
